 Dungeon Crawl Stone Soup version 0.21-a0-344-g2144152 (webtiles) character file.

17 Amnesiac the Destroyer (level 2, 0/20 HPs)
             Began as a Gnoll Conjurer on Oct 4, 2017.
             Slain by an iguana (12 damage)
             ... on level 4 of the Dungeon.
             The game lasted 00:01:24 (556 turns).

Amnesiac the Destroyer (Gnoll Conjurer)              Turns: 556, Time: 00:01:25

Health: 0/20       AC:  2    Str: 10    XL:     2   Next: 62%
Magic:  0/7        EV: 14    Int: 17    God:
Gold:   94         SH:  0    Dex: 15    Spells: 9/10 levels left

rFire    . . .     SeeInvis .   (no weapon)
rCold    . . .     Gourm    .   (no shield)
rNeg     . . .     Faith    .   a - +0 robe
rPois    .         Spirit   .   (no helmet)
rElec    .         Reflect  .   (no cloak)
rCorr    .         Harm     .   (no gloves)
MR       .....                  (no boots)
Stlth    +++.......             (no amulet)
HPRegen  0.06/turn              (no ring)
MPRegen  0.10/turn              (no ring)

@: no status effects
A: distributed training, fangs 1, strong nose
a: no special abilities


You were on level 4 of the Dungeon.
You were not hungry.

You visited 1 branch of the dungeon, and saw 4 of its levels.

You collected 94 gold pieces.

Inventory:

Missiles
 i - 18 poisoned needles
Armour
 a - a +0 robe (worn)
 e - a +0 buckler
Jewellery
 d - an uncursed ring of protection from fire {unknown}
 k - an uncursed ring of magical power {unknown}
 n - an uncursed ring of fire {unknown}
Scrolls
 f - a scroll of remove curse {!r, unknown}
 g - a scroll of identify {!r, unknown}
 m - a scroll of magic mapping {!r, unknown}
Potions
 j - a potion of mutation {!q, unknown}
 l - a potion of degeneration {!q, unknown}
Books
 b - a book of Conjurations

   Spells                             Type                      Level
   a - Magic Dart                     Conjuration                  1
   b - Searing Ray                    Conjuration                  2
   c - Dazzling Spray                 Conjuration/Hexes            3
   d - Fulminant Prism                Conjuration/Hexes            4
   e - Force Lance                    Conjuration/Translocation    4
   f - Iskenderun's Mystic Blast      Conjuration                  4
Comestibles
 c - a bread ration
 h - a meat ration


   Skills:
 + Level 0.4 Fighting
 + Level 0.4 Short Blades
 + Level 0.4 Long Blades
 + Level 0.4 Axes
 + Level 0.4 Maces & Flails
 + Level 0.4 Polearms
 + Level 0.4 Staves
 + Level 0.4 Slings
 + Level 0.4 Bows
 + Level 0.4 Crossbows
 + Level 0.4 Throwing
 + Level 0.4 Armour
 + Level 4.5 Dodging
 + Level 4.1 Stealth
 + Level 0.4 Shields
 + Level 0.4 Unarmed Combat
 + Level 4.9 Spellcasting
 + Level 8.5 Conjurations
 + Level 0.4 Hexes
 + Level 0.4 Charms
 + Level 0.4 Summonings
 + Level 0.4 Necromancy
 + Level 0.4 Translocations
 + Level 0.4 Transmutations
 + Level 0.4 Fire Magic
 + Level 0.4 Ice Magic
 + Level 0.4 Air Magic
 + Level 0.4 Earth Magic
 + Level 0.4 Poison Magic
 + Level 0.4 Invocations
 + Level 0.4 Evocations


You had 9 spell levels left.
You knew the following spells:

 Your Spells              Type           Power        Failure   Level  Hunger
a - Magic Dart            Conj           ####         1%          1    None


Dungeon Overview and Level Annotations

Branches:
Dungeon (4/15)
 Temple: D:4-7

Altars:


Innate Abilities, Weirdness & Mutations

Your experience applies equally to all skills.
You have very sharp teeth.
Your uncanny sense of smell can sniff out nearby items.


Message History

Sorry, you're not good enough to have a special ability.
Casting: Magic Dart
Confirm with . or Enter, or press ? or * to list all spells.
Aiming: Magic Dart
Press: ? - help, Shift-Dir - straight line, f/p - iguana
Aim: an iguana (lightly wounded)
The magic dart hits the iguana.
The iguana is moderately wounded.
Casting: Magic Dart
Confirm with . or Enter, or press ? or * to list all spells.
You don't know that spell.
Sorry, you're not good enough to have a special ability.
Casting: Magic Dart
Confirm with . or Enter, or press ? or * to list all spells.
Aiming: Magic Dart
Press: ? - help, Shift-Dir - straight line, f/p - iguana
Aim: an iguana (moderately wounded)
The magic dart hits the iguana.
The iguana is severely wounded.
Casting: Magic Dart
Confirm with . or Enter, or press ? or * to list all spells.
You don't know that spell.
Sorry, you're not good enough to have a special ability.
Casting: Magic Dart
Confirm with . or Enter, or press ? or * to list all spells.
Aiming: Magic Dart
Press: ? - help, Shift-Dir - straight line, f/p - iguana
Aim: an iguana (severely wounded)
The magic dart hits the iguana.
The iguana is almost dead.
Casting: Magic Dart
Confirm with . or Enter, or press ? or * to list all spells.
Aiming: Magic Dart
Press: ? - help, Shift-Dir - straight line, f/p - iguana
Aim: an iguana (almost dead)
The magic dart hits the iguana.
The iguana is almost dead.
You don't have enough magic to cast Magic Dart!
You don't have enough magic to cast Magic Dart!
You don't have enough magic to cast Magic Dart!
You don't have enough magic to cast Magic Dart!
You don't have enough magic to cast Magic Dart!
You don't have enough magic to cast Magic Dart!
You don't have enough magic to cast Magic Dart!
You don't have enough magic to cast Magic Dart!
You don't have enough magic to cast Magic Dart!
You don't have enough magic to cast Magic Dart!
You barely miss the iguana.
The iguana is almost dead.
The iguana bites you!
You hit the iguana but do no damage.
The iguana is almost dead.
The iguana completely misses you. The iguana bites you.
Casting: Magic Dart
Confirm with . or Enter, or press ? or * to list all spells.
Aiming: Magic Dart
Press: ? - help, Shift-Dir - straight line, f/p - iguana
Aim: an iguana (almost dead)
The magic dart hits the iguana.
The iguana is almost dead.
The iguana bites you!
Ouch! That really hurt!
You die...

#....##.......##..
#....##.......##.#
..............##..
......#.....[.##.#
.####.#####..###.#
.# #.# #....##.#
.# #.# #....##.#
.# #.# #....##l#
.# #.# ####..#@#
.. #.# ##.#.# .
#.# #...# . ..#
##..# .# #.># #
####


You could see an iguana.

Vanquished Creatures
  A dart slug (D:1)
  A goblin (D:2)
  4 hobgoblins
  2 kobolds (D:2)
  2 bats (D:3)
  3 frilled lizards
  2 rats
15 creatures vanquished.

Notes
Turn   | Place    | Note
-------+----------+-------------------------------------------
     0 | D:1      | Amnesiac the Gnoll Conjurer began the quest for the Orb.
     0 | D:1      | Reached XP level 1. HP: 13/13 MP: 6/6
   224 | D:1      | Reached XP level 2. HP: 13/19 MP: 0/7
   392 | D:2      | You fall through a shaft!
   556 | D:4      | Slain by an iguana

Vault maps used:
D:1:      dpeg_arrival_circle_labyrinth_c
D:2:      tgw_trog
D:3:      cheibrodos_old_hovel, amethyst_overflow_temple_binary
D:4:      kennysheep_mini_moat, uniq_grinder

Action                   || total
-------------------------++-------
Melee: Unarmed           ||    21
       Bite              ||     1
 Cast: Magic Dart        ||    38
Armor: Robe              ||     5
Dodge: Dodged            ||    38

Table legend:
 A = Spawn XP
 B = Non-spawn XP
 C = Spawn XP percentage of total XP
 D = Spawn monster count
 E = Non-spawn monster count
 F = Spawn count percentage of total count
 G = Total turns spent on level
                    A         B        C        D         E        F      G
               +---------+---------+-------+---------+---------+-------+---------
         Total |       0 |      25 |   0.0 |       0 |      15 |   0.0 |   556
               +---------+---------+-------+---------+---------+-------+---------
           D:1 |       0 |      12 |   0.0 |       0 |       6 |   0.0 |   279
           D:2 |       0 |       9 |   0.0 |       0 |       6 |   0.0 |   113
           D:3 |       0 |       3 |   0.0 |       0 |       2 |   0.0 |    79
           D:4 |       0 |       1 |   0.0 |       0 |       1 |   0.0 |    85
               +---------+---------+-------+---------+---------+-------+---------
